[Event "Titled Tuesday Blitz February 22 Early 2022"]
[White "Dronavalli, Harika"]
[Black "Kazancev, Valerij M"]
[WhiteFideId "5015197"]
[BlackFideId "4179609"]
[WhiteElo "2382"]
[BlackElo "2467"]
[Result "1-0"]
[Round "07"]
[TimeControl "180+1"]
[Date "2022.02.22"]
[WhiteClock "0:00:26"]
[BlackClock "0:00:19"]

1. d4 Nf6 2. c4 e6 3. Nc3 Bb4 4. e3 c5 5. Nf3 O-O 6. Bd2 d5 7. a3 cxd4 8. axb4 dxc3 9. Bxc3 Ne4 10. cxd5 exd5 11. b5 Bg4 12. Be2 Nxc3 13. bxc3 Qf6 14. Qd4 Qxd4 15. Nxd4 Bxe2 16. Kxe2 Nd7 17. Ra3 Nc5 18. Rha1 a6 19. bxa6 Rxa6 20. Rxa6 bxa6 21. Nc6 Re8 22. Nb4 d4 23. cxd4 Nb3 24. Rxa6 Nxd4+ 25. Kf1 Nf5 26. g3 f6 27. Nd5 Rd8 28. Ra5 Nd6 29. Kg2 Nc4 30. Rc5 Ne5 31. h3 Kf8 32. Nf4 Rd6 33. Rc7 Rd7 34. Rxd7 Nxd7 35. Kf3 Kf7 36. Ke4 Ne5 37. Nd3 Nc4 38. h4 g6 39. Kd5 Nd2 40. e4 h5 41. Kd4 Nf3+ 42. Ke3 Nh2 43. e5 Ng4+ 44. Kf4 Ke6 45. exf6 Kxf6 46. f3 Nh2 47. Nf2 Nf1 48. Ne4+ Kg7 49. Ng5 Kf6 50. g4 hxg4 51. fxg4 Nh2 52. Ne4+ Kg7 53. Nd2 Kf6 54. Kg3 Nxg4 55. Kxg4 Kg7 56. Kg5 Kh7 57. Nf3 Kg7 58. Ne5 Kh7 59. Nxg6 1-0


[Site "https://www.chess.com"]

[Event "Titled Tuesday Blitz February 22 Early 2022"]
[White "Hess, Robert"]
[Black "Kim, Sergey"]
[WhiteFideId "2022036"]
[BlackFideId "13700570"]
[WhiteElo "2803"]
[BlackElo "2635"]
[Result "0-1"]
[Round "07"]
[TimeControl "180+1"]
[Date "2022.02.22"]
[WhiteClock "0:00:02"]
[BlackClock "0:01:00"]

1. b3 Nf6 2. Bb2 g6 3. d3 Bg7 4. Nd2 d6 5. e3 O-O 6. Ne2 e5 7. h3 c5 8. g4 Nc6 9. Bg2 d5 10. Ng3 Re8 11. g5 Nd7 12. Bxd5 Qxg5 13. Nde4 Qe7 14. h4 Nb4 15. Bc4 Nb6 16. h5 Nxc4 17. bxc4 Be6 18. hxg6 hxg6 19. a3 Nc6 20. Qe2 a6 21. Qf3 f5 22. Nc3 Rad8 23. O-O-O e4 24. Qg2 exd3 25. cxd3 Ne5 26. Nd5 Bxd5 27. cxd5 Qf7 28. e4 c4 29. dxc4 Nxc4 30. Bxg7 Qxg7 31. Nxf5 Qb2# 0-1


[Site "https://www.chess.com"]

[Event "Titled Tuesday Blitz February 22 Early 2022"]
[White "Hjartarson, Johann"]
[Black "Eynullayev, Altay"]
[WhiteFideId "2300044"]
[BlackFideId "13413562"]
[WhiteElo "2484"]
[BlackElo "2079"]
[Result "1-0"]
[Round "07"]
[TimeControl "180+1"]
[Date "2022.02.22"]
[WhiteClock "0:00:28"]
[BlackClock "0:00:10"]

1. e4 c5 2. Nf3 e6 3. d4 cxd4 4. Nxd4 Nc6 5. Nc3 a6 6. g3 d6 7. Bg2 Bd7 8. O-O Nf6 9. Nb3 Be7 10. f4 O-O 11. g4 h6 12. h4 Nh7 13. g5 hxg5 14. hxg5 e5 15. Nd5 exf4 16. Bxf4 Bxg5 17. Bxd6 Be6 18. Bxf8 Bxd5 19. exd5 Be3+ 20. Kh2 Qh4+ 21. Bh3 Bf4+ 22. Rxf4 Qxf4+ 23. Kh1 Ne5 24. Bd6 Ng5 25. Bxe5 Qxe5 26. Bg2 Ne4 27. Qf3 Ng3+ 28. Kg1 Re8 29. Kf2 Nf5 30. Rd1 Nh4 31. Qg4 Qe3+ 32. Kf1 Nxg2 33. Qxg2 Re4 34. Rd2 1-0


[Site "https://www.chess.com"]

[Event "Titled Tuesday Blitz February 22 Early 2022"]
[White "Hua, Lefong"]
[Black "Devaev, Alexander"]
[WhiteFideId "2602253"]
[BlackFideId "4169395"]
[WhiteElo "2580"]
[BlackElo "2185"]
[Result "0-1"]
[Round "07"]
[TimeControl "180+1"]
[Date "2022.02.22"]
[WhiteClock "0:00:01"]
[BlackClock "0:00:09"]

1. d4 Nf6 2. c4 e6 3. Nc3 Bb4 4. f3 c5 5. d5 d6 6. e4 Bxc3+ 7. bxc3 h6 8. Ne2 Qd7 9. Ng3 Qe7 10. Be2 Nbd7 11. O-O e5 12. Nf5 Qf8 13. f4 g6 14. fxe5 dxe5 15. Ng3 Qg7 16. Rb1 O-O 17. Be3 Ne8 18. Qd2 Kh7 19. Bg4 b6 20. h4 Ndf6 21. Bxc8 Rxc8 22. Qe2 Nd6 23. Bd2 h5 24. Rxf6 Qxf6 25. Bg5 Qg7 26. Be7 Rfd8 27. Bxd8 Rxd8 28. Rf1 Qf8 29. Rf6 Qe7 30. Nxh5 Kg8 31. Qg4 Kf8 32. Rxd6 Rxd6 33. Ng3 Qf6 34. Kh2 Qe7 35. a4 Qd7 36. Qg5 Qe7 37. Qh6+ Ke8 38. Qh8+ Kd7 39. Qb8 Qd8 40. Qxa7+ Qc7 41. Qa8 Ke7 42. Qh8 Rd8 43. Qg7 Qd6 44. h5 Qf6 45. Qxf6+ Kxf6 46. hxg6 fxg6 47. Ne2 Ra8 48. Kg3 Rxa4 49. Kf3 Rxc4 50. Ke3 Ra4 51. Kd3 b5 52. Nc1 Ra1 53. Kc2 c4 54. Kb2 Ra7 55. Na2 Ke7 56. Nb4 Kd6 57. Nc6 Rf7 58. Ka3 Kc5 59. Nxe5 Rf2 60. Nxg6 Rxg2 61. Nf4 Rg3 62. Kb2 Rf3 63. Ne6+ Kd6 64. Nd4 Rf2+ 65. Ka3 Kc5 66. Ne6+ Kb6 67. d6 Rd2 68. Nd4 Rd3 69. Kb4 Rd1 70. Ka3 Ra1+ 71. Kb2 Re1 72. d7 Kc7 73. Nxb5+ Kxd7 74. Ka3 Kc6 75. Nd4+ Kc5 76. Kb2 Rxe4 77. Nc2 Rh4 78. Nb4 Rh2+ 79. Ka3 Kb5 80. Na2 Rc2 0-1


[Site "https://www.chess.com"]

[Event "Titled Tuesday Blitz February 22 Early 2022"]
[White "Ianov, Viktor"]
[Black "Tasev, Dejan"]
[WhiteFideId "14102730"]
[BlackFideId "936618"]
[WhiteElo "2215"]
[BlackElo "2253"]
[Result "0-1"]
[Round "07"]
[TimeControl "180+1"]
[Date "2022.02.22"]
[WhiteClock "0:01:49"]
[BlackClock "0:01:54"]

1. Nf3 Nf6 2. g3 g6 3. b3 Bg7 4. Bb2 O-O 5. Bg2 b6 6. O-O Bb7 7. c4 e6 8. Nc3 d6 9. Qc2 a6 10. d4 Nbd7 11. e4 Qe7 12. Rfe1 h6 13. Rad1 Nh7 14. h3 g5 15. d5 e5 16. Nh2 Rfe8 17. Ng4 f5 18. exf5 Ndf6 19. Ne4 Bc8 20. Nexf6+ Nxf6 21. Nxf6+ Bxf6 22. Be4 Bd7 23. b4 a5 24. b5 Kg7 25. a4 h5 26. Re2 Rh8 27. Rde1 g4 28. h4 Raf8 29. Bc1 Rf7 30. Be3 Rhf8 31. Qd2 Kh8 32. Rf1 Bg7 33. Bg5 Qe8 34. f3 Bxf5 35. fxg4 Bxe4 36. Rxf7 Qxf7 37. Rxe4 Qf1+ 38. Kh2 Rf2+ 39. Qxf2 Qxf2+ 0-1


[Site "https://www.chess.com"]

[Event "Titled Tuesday Blitz February 22 Early 2022"]
[White "Iljin, Timofey"]
[Black "Quirke, Jeffrey"]
[WhiteFideId "14110180"]
[BlackFideId "2013029"]
[WhiteElo "2396"]
[BlackElo "2213"]
[Result "0-1"]
[Round "07"]
[TimeControl "180+1"]
[Date "2022.02.22"]
[WhiteClock "0:00:05"]
[BlackClock "0:00:18"]

1. e4 c5 2. c3 Nf6 3. e5 Nd5 4. d4 cxd4 5. cxd4 d6 6. Nf3 e6 7. Bc4 Be7 8. O-O O-O 9. Bd3 b6 10. exd6 Qxd6 11. Nc3 Bb7 12. Ne4 Qd8 13. a3 h6 14. Bc2 Nd7 15. Be3 N7f6 16. Qd3 Rc8 17. Nxf6+ Nxf6 18. Ne5 Be4 19. Qxe4 Nxe4 20. Bxe4 Bf6 21. Nc6 Qd7 22. Rac1 Rc7 23. Bf4 Rxc6 24. Bxc6 Qxd4 25. Be3 Qxb2 26. a4 g5 27. h4 Kg7 28. h5 Qb4 29. Rfd1 Rd8 30. Bd7 Qh4 31. a5 Be5 32. axb6 axb6 33. Bxb6 Rxd7 34. Rxd7 Qh2+ 35. Kf1 Qh1+ 36. Ke2 Qxc1 37. Be3 Qc2+ 38. Kf3 Qc6+ 39. Kg4 Qxd7 40. g3 f5+ 41. Kh3 g4+ 42. Kh2 Qd6 43. Kg2 f4 44. Bc1 f3+ 45. Kh2 Qd1 46. Bxh6+ Kh7 47. Bf4 Qf1 48. Bxe5 Qg2# 0-1


[Site "https://www.chess.com"]

[Event "Titled Tuesday Blitz February 22 Early 2022"]
[White "Ivanisevic, Ivan"]
[Black "Dushyant Sharma"]
[WhiteFideId "912417"]
[BlackFideId "25065130"]
[WhiteElo "2495"]
[BlackElo "2012"]
[Result "1-0"]
[Round "07"]
[TimeControl "180+1"]
[Date "2022.02.22"]
[WhiteClock "0:00:44"]
[BlackClock "0:00:15"]

1. d4 d5 2. c4 e6 3. Nf3 Nf6 4. g3 Be7 5. Bg2 O-O 6. Qc2 dxc4 7. Nbd2 c5 8. dxc5 Nc6 9. O-O e5 10. Nxc4 e4 11. Nfe5 Nd4 12. Qd1 Bxc5 13. Be3 Be6 14. b4 Nxe2+ 15. Qxe2 Bxb4 16. Rfd1 Qe7 17. Rab1 a5 18. Bd4 Rad8 19. h3 Bd5 20. Ne3 Be6 21. Ba1 h6 22. N5g4 Nxg4 23. hxg4 Qg5 24. Bxe4 b6 25. Nf5 Bxf5 26. Bxf5 Rfe8 27. Rxd8 Qxd8 28. Rd1 Qc7 29. Qb5 Rd8 30. Rxd8+ Qxd8 31. Qe5 Bf8 32. Bd4 Qg5 33. Be3 Qd8 34. Be4 Qd1+ 35. Kg2 Qe2 36. Bd5 Qb5 37. Bxf7+ 1-0


[Site "https://www.chess.com"]

[Event "Titled Tuesday Blitz February 22 Early 2022"]
[White "Jeet, Jain"]
[Black "Shuvalova, Polina"]
[WhiteFideId "5073022"]
[BlackFideId "24171760"]
[WhiteElo "2085"]
[BlackElo "2355"]
[Result "0-1"]
[Round "07"]
[TimeControl "180+1"]
[Date "2022.02.22"]
[WhiteClock "0:00:15"]
[BlackClock "0:00:06"]

1. e4 c6 2. d4 d5 3. e5 Bf5 4. h4 h5 5. Bd3 Bxd3 6. Qxd3 Qa5+ 7. Nd2 Qa6 8. c4 e6 9. Ne2 Nh6 10. b3 Be7 11. g3 Nf5 12. O-O Nd7 13. Nf4 Rd8 14. cxd5 Qxd3 15. Nxd3 cxd5 16. Nf3 Nb8 17. Bb2 Nc6 18. a3 a6 19. b4 Kd7 20. Rfc1 Rc8 21. Bc3 Na7 22. Nc5+ Bxc5 23. bxc5 Nb5 24. a4 Nxc3 25. Rxc3 b6 26. Rb1 bxc5 27. Rb7+ Rc7 28. Rxc7+ Kxc7 29. Rxc5+ Kb7 30. Kf1 f6 31. exf6 gxf6 32. Ke2 Nd6 33. Rc1 Rg8 34. Kd3 Ne4 35. Ke3 Kb6 36. Nd2 Nd6 37. Rb1+ Kc6 38. Nb3 Nc4+ 39. Kd3 e5 40. Nc5 a5 41. Nb3 Kd6 42. Nd2 Nxd2 43. Kxd2 Rc8 44. Rb5 Rc4 45. dxe5+ fxe5 46. Rxa5 Rb4 47. Ra8 Kc5 48. Kc3 Rc4+ 49. Kd3 e4+ 50. Kd2 Kd4 51. Ra5 Rb4 52. Ra8 Rb2+ 53. Ke1 Kd3 54. Kf1 d4 55. a5 Ra2 56. a6 Ra1+ 57. Kg2 Ra2 58. g4 e3 59. gxh5 Rxf2+ 60. Kg3 Rf7 61. h6 e2 62. Re8 Kd2 63. Kg4 d3 64. Kg5 e1=Q 65. Rxe1 Kxe1 66. Kg6 Ra7 67. h7 Rxa6+ 0-1


[Site "https://www.chess.com"]

[Event "Titled Tuesday Blitz February 22 Early 2022"]
[White "Jiang, Brian"]
[Black "Zaksaite, Salomeja"]
[WhiteFideId "2627922"]
[BlackFideId "12801496"]
[WhiteElo "2394"]
[BlackElo "2002"]
[Result "1-0"]
[Round "07"]
[TimeControl "180+1"]
[Date "2022.02.22"]
[WhiteClock "0:01:49"]
[BlackClock "0:00:01"]

1. d4 Nf6 2. c4 g6 3. Nc3 d5 4. Qb3 dxc4 5. Qxc4 Bg7 6. e4 O-O 7. Be2 Nfd7 8. Nf3 Nb6 9. Qd3 Bg4 10. Be3 Nc6 11. Rd1 Qc8 12. h3 Bxf3 13. Bxf3 Rd8 14. d5 Ne5 15. Qe2 Nxf3+ 16. Qxf3 Nc4 17. Bc1 c6 18. O-O e6 19. Qe2 cxd5 20. exd5 Bxc3 21. bxc3 exd5 22. Bh6 Qe6 23. Qf3 Ne5 24. Qg3 Qf5 25. Rfe1 Nc4 26. Qh4 Rac8 27. Bg5 Re8 28. Bf6 h5 29. Bd4 Re6 30. Rxe6 Qxe6 31. Qg5 Kh7 32. Rd3 Re8 33. Rf3 Nd6 34. Rf6 Nf5 35. Rxe6 Rxe6 36. g4 hxg4 37. hxg4 1-0


[Site "https://www.chess.com"]

[Event "Titled Tuesday Blitz February 22 Early 2022"]
[White "Johnson, Ben"]
[Black "Heinemann, Josefine"]
[WhiteFideId "2010917"]
[BlackFideId "12900460"]
[WhiteElo "2217"]
[BlackElo "2300"]
[Result "0-1"]
[Round "07"]
[TimeControl "180+1"]
[Date "2022.02.22"]
[WhiteClock "0:00:07"]
[BlackClock "0:00:42"]

1. Nf3 d5 2. e3 Nf6 3. c4 c5 4. cxd5 Nxd5 5. b3 Nc6 6. Bb5 Bd7 7. Bb2 e6 8. O-O Qc7 9. Nc3 Nxc3 10. Bxc3 a6 11. Bxc6 Bxc6 12. Rc1 Bd6 13. h3 O-O 14. d3 Rad8 15. Qe2 b5 16. e4 b4 17. Bb2 Bb5 18. Rfd1 Rd7 19. e5 Be7 20. Qe3 Rfd8 21. d4 Qb7 22. Re1 cxd4 23. Bxd4 Bc6 24. Bc5 Bxc5 25. Rxc5 Rd3 26. Qc1 Bxf3 27. gxf3 Qxf3 28. Rc8 h6 29. Rxd8+ Rxd8 30. Qe3 Qf5 31. Kg2 Rd5 32. f4 Rd3 33. Qf2 Qxh3+ 0-1


[Site "https://www.chess.com"]

[Event "Titled Tuesday Blitz February 22 Early 2022"]
[White "Jones, Gawain C B"]
[Black "Dubov, Daniil"]
[WhiteFideId "409561"]
[BlackFideId "24126055"]
[WhiteElo "2657"]
[BlackElo "2791"]
[Result "1-0"]
[Round "07"]
[TimeControl "180+1"]
[Date "2022.02.22"]
[WhiteClock "0:00:05"]
[BlackClock "0:00:01"]

1. Nf3 d5 2. g3 g6 3. Bg2 Bg7 4. d4 Nf6 5. O-O O-O 6. b3 c5 7. Bb2 Ne4 8. Nbd2 Nc6 9. e3 Bf5 10. c3 Qa5 11. Nh4 cxd4 12. b4 Qb6 13. cxd4 Qxb4 14. Nb3 Be6 15. Qc1 Rac8 16. Ba3 Qa4 17. Bxe4 dxe4 18. Nc5 Qc4 19. Nxb7 Qd5 20. Nc5 g5 21. Ng2 Bg4 22. Qc2 Bf3 23. Rfc1 Qf5 24. Ne1 Bxd4 25. Rab1 Qh3 26. Nxe4 Ne5 27. Nxg5 Qh5 28. Qxh7+ Qxh7 29. Nxh7 Kxh7 30. exd4 Be4 31. dxe5 Bxb1 32. Rxb1 Rc7 33. Kg2 Rd8 34. Nf3 Rd3 35. Rb3 Rxb3 36. axb3 Rc3 37. Nd4 e6 38. h4 a5 39. Bd6 Rd3 40. Bc5 Rc3 41. Bb6 Rd3 42. Kf1 Kg6 43. Ke2 Rc3 44. Bxa5 Rc5 45. Bd2 Rxe5+ 46. Be3 Rd5 47. Kf3 f5 48. g4 fxg4+ 49. Kxg4 e5 50. h5+ Kf7 51. Nf3 Rb5 52. Kf5 e4+ 53. Ne5+ Ke7 54. b4 1-0


[Site "https://www.chess.com"]

[Event "Titled Tuesday Blitz February 22 Early 2022"]
[White "Jumabayev, Rinat"]
[Black "Pinheiro, Iung Alicio de O."]
[WhiteFideId "13702661"]
[BlackFideId "2104350"]
[WhiteElo "2561"]
[BlackElo "2595"]
[Result "1-0"]
[Round "07"]
[TimeControl "180+1"]
[Date "2022.02.22"]
[WhiteClock "0:00:06"]
[BlackClock "0:00:10"]

1. e4 c5 2. Nf3 Nc6 3. Bb5 e6 4. O-O Nge7 5. d4 cxd4 6. Nxd4 a6 7. Be2 Nxd4 8. Qxd4 Nc6 9. Qc3 Qa5 10. Qg3 Qe5 11. Nc3 Qxg3 12. hxg3 b5 13. Be3 Bb7 14. Rfd1 Be7 15. f3 Rc8 16. a4 b4 17. Nb1 Ne5 18. c3 Nc4 19. Bxc4 Rxc4 20. Nd2 Rc8 21. cxb4 Bxb4 22. Rac1 Ke7 23. Nc4 d5 24. Nb6 Rxc1 25. Rxc1 Bd6 26. exd5 exd5 27. Kf2 f6 28. b4 Rb8 29. b5 axb5 30. axb5 Kd8 31. Bd4 Bc7 32. Na4 Bc8 33. b6 Bd6 34. Nc3 Bb7 35. Nb5 Kd7 36. Nxd6 Kxd6 37. Rc7 g6 38. Rxh7 Bc6 39. Rf7 Ra8 40. Rxf6+ Kd7 41. Rxg6 Ra2+ 42. Ke3 Bb7 43. Rg7+ Kc8 44. g4 Rxg2 45. Be5 d4+ 46. Bxd4 Rg3 47. Rc7+ Kb8 48. Rf7 Kc8 49. Be5 Rg1 50. Rc7+ 1-0


[Site "https://www.chess.com"]

[Event "Titled Tuesday Blitz February 22 Early 2022"]
[White "Kadam, Om Manish"]
[Black "Yeletsky, Ivan"]
[WhiteFideId "45076294"]
[BlackFideId "24180327"]
[WhiteElo "2617"]
[BlackElo "2785"]
[Result "0-1"]
[Round "07"]
[TimeControl "180+1"]
[Date "2022.02.22"]
[WhiteClock "0:00:26"]
[BlackClock "0:00:24"]

1. e4 Nc6 2. d4 e5 3. d5 Nce7 4. Nf3 Ng6 5. Be3 Nf6 6. Nc3 Bb4 7. Bd3 Bxc3+ 8. bxc3 d6 9. h3 O-O 10. O-O b6 11. Nd2 Nd7 12. Kh2 Qe7 13. Qe2 Nf4 14. Qf3 Qf6 15. g3 Nxd3 16. cxd3 Qg6 17. Qg4 f6 18. Qxg6 hxg6 19. f4 Kf7 20. d4 Ke7 21. fxe5 dxe5 22. Nf3 Ba6 23. Rf2 Bd3 24. Nd2 Rac8 25. dxe5 Nxe5 26. Bd4 Ba6 27. c4 Nxc4 28. Nxc4 Bxc4 29. Rd2 c6 30. dxc6 Rxc6 31. e5 Be6 32. Re1 Rfc8 33. exf6+ gxf6 34. Rf2 f5 35. Rfe2 Rc2 36. a3 Kf7 37. h4 R8c4 38. Bb2 a5 39. Kg1 Rxe2 40. Rxe2 b5 41. Kf2 b4 42. axb4 Rxb4 43. Rc2 Bd5 44. Rd2 Ke6 45. Re2+ Kd7 46. Rd2 Kc6 47. Rc2+ Kb5 48. Ba3 Rc4 49. Rxc4 Kxc4 50. Ke3 a4 51. Kf4 Kb3 52. Be7 a3 53. h5 gxh5 54. Kxf5 Bf3 55. Kf4 Bg4 56. Bf6 Kc2 57. Ke3 a2 58. Kf2 Kb1 59. Ke3 a1=Q 60. Bxa1 Kxa1 61. Kf2 Kb2 62. Kg1 Kb3 63. Kh2 Kc4 64. Kg2 Kd5 65. Kh2 Ke5 66. Kg2 Ke4 67. Kh2 Kf3 68. Kg1 Kxg3 69. Kh1 h4 70. Kg1 h3 71. Kh1 Bf3+ 72. Kg1 h2+ 73. Kf1 h1=Q# 0-1


[Site "https://www.chess.com"]

[Event "Titled Tuesday Blitz February 22 Early 2022"]
[White "Kamsky, Gata"]
[Black "Barrientos, Sergio E"]
[WhiteFideId "2000024"]
[BlackFideId "4401824"]
[WhiteElo "2645"]
[BlackElo "2441"]
[Result "1-0"]
[Round "07"]
[TimeControl "180+1"]
[Date "2022.02.22"]
[WhiteClock "0:00:14"]
[BlackClock "0:00:21"]

1. d4 Nf6 2. Nf3 e6 3. Bf4 c5 4. e3 cxd4 5. exd4 b6 6. a4 a6 7. Bd3 Bb7 8. O-O Be7 9. h3 d6 10. Nbd2 O-O 11. Re1 Nbd7 12. Bh2 Qc7 13. c4 Rfe8 14. a5 bxa5 15. Qa4 Bc6 16. Qxa5 Qb7 17. b4 h6 18. c5 Nd5 19. cxd6 Bd8 20. Qa3 Qxb4 21. Reb1 Qxa3 22. Rxa3 f6 23. Rxa6 Bb6 24. Rxa8 Rxa8 25. Bg3 Ra3 26. Bg6 Nc3 27. Re1 Bd5 28. Be8 Ra7 29. Re3 Nb5 30. Re1 Kf8 31. Bxd7 Rxd7 32. Rb1 Bc6 33. Nc4 Bd8 34. Ncd2 Rb7 35. Rc1 Bd5 36. Rc8 Ke8 37. Rc5 Kd7 38. Nc4 Bxc4 39. Rxc4 Nxd6 40. Bxd6 Kxd6 41. Rc8 Kd7 42. Ra8 Bc7 43. g4 Rb8 44. Ra7 Kc6 45. Kg2 Rb2 46. Ra6+ Bb6 47. Ra8 e5 48. dxe5 Rxf2+ 49. Kg3 Re2 50. exf6 Bc7+ 51. Kh4 gxf6 52. Nd4+ Kb7 53. Nxe2 Kxa8 54. Kh5 Kb7 55. Kxh6 Kc6 56. Kg6 Kd5 57. h4 Ke4 58. h5 Kf3 59. h6 f5 60. Kxf5 Kxe2 61. h7 Be5 62. Kxe5 1-0


[Site "https://www.chess.com"]

[Event "Titled Tuesday Blitz February 22 Early 2022"]
[White "Kashefi, Amir Hosein"]
[Black "Mejia, Cherry Ann"]
[WhiteFideId "12557935"]
[BlackFideId "5206880"]
[WhiteElo "2098"]
[BlackElo "2007"]
[Result "0-1"]
[Round "07"]
[TimeControl "180+1"]
[Date "2022.02.22"]
[WhiteClock "0:00:45"]
[BlackClock "0:00:42"]

1. Nf3 d5 2. g3 Nf6 3. Bg2 b5 4. O-O e6 5. d4 Bb7 6. c3 c5 7. a4 b4 8. Bg5 Nbd7 9. e3 h6 10. Bxf6 Nxf6 11. Ne5 Be7 12. Nd2 O-O 13. a5 a6 14. Rc1 Rc8 15. Nb3 c4 16. Nd2 bxc3 17. bxc3 Qxa5 18. Ndxc4 Qc7 19. Nd2 Nd7 20. Nxd7 Qxd7 21. c4 dxc4 22. Bxb7 Qxb7 23. Rxc4 Rxc4 24. Nxc4 Rc8 25. Qa4 Qb5 26. Qxb5 axb5 27. Ne5 b4 28. Rb1 Rc3 29. Nf3 Rc2 30. Kf1 Kf8 31. Ne1 Rd2 32. Rb3 Ra2 33. Nd3 Ra3 34. Nc1 Ra1 35. Ke2 Rxc1 36. Kd2 Ra1 37. Rb2 Ra3 38. Ke2 b3 39. Kd3 Bb4 40. Kc4 Be1 41. Re2 Ba5 42. Rb2 Ra2 43. Rxb3 Rxf2 44. Kc5 Bd8 45. Kd6 Ke8 46. h4 Rf3 47. g4 Bxh4 48. Kc7 Bd8+ 49. Kd6 g6 50. Ke5 Bc7+ 51. Ke4 Rg3 52. Rc3 Bd6 53. Rc6 Kd7 54. Ra6 Rxg4+ 55. Kd3 f5 56. Ra7+ Bc7 57. Ra6 h5 58. Ra8 h4 59. Rg8 g5 60. Rh8 Rg3 61. Kc4 Rxe3 62. Kc5 Bd6+ 63. Kc4 Re4 64. Rh7+ Be7 65. Kd3 Kd6 66. Rh8 Bf6 67. Kd2 Rxd4+ 68. Ke1 Ke5 69. Kf2 Bxh8 70. Kg2 Kf4 71. Kh3 Rd3+ 72. Kg2 Kg4 73. Kh2 Rd2+ 74. Kh1 Kg3 75. Kg1 Rd1# 0-1


[Site "https://www.chess.com"]

[Event "Titled Tuesday Blitz February 22 Early 2022"]
[White "Kislov, Oleg"]
[Black "Gaehwiler, Gabriel"]
[WhiteFideId "13503774"]
[BlackFideId "1314530"]
[WhiteElo "2252"]
[BlackElo "2383"]
[Result "1/2-1/2"]
[Round "07"]
[TimeControl "180+1"]
[Date "2022.02.22"]
[WhiteClock "0:01:31"]
[BlackClock "0:01:27"]

1. e4 e5 2. Nf3 Nf6 3. Nc3 Nc6 4. d4 exd4 5. Nxd4 Bb4 6. Nxc6 bxc6 7. Bd3 O-O 8. O-O d5 9. exd5 cxd5 10. Bg5 c6 11. Qf3 h6 12. Bxf6 Qxf6 13. Qxf6 gxf6 14. Ne2 Bd7 15. Nd4 Bc5 16. Nf5 Bxf5 17. Bxf5 Rab8 18. b3 Bb4 19. Rad1 Rfe8 20. Bd7 Re2 21. Bxc6 Rxc2 22. Bxd5 Rxa2 23. Bc4 Rd2 24. Rxd2 Bxd2 25. Rd1 Rd8 26. Kf1 Ba5 27. Rxd8+ Bxd8 28. Ke2 Bb6 29. f3 Kf8 30. Kd3 Ke7 31. Ke4 Kf8 32. Kf5 Bd4 33. f4 Kg7 34. Ke4 Bg1 35. h3 Bb6 36. Kd5 Be3 37. f5 Kf8 1/2-1/2


[Site "https://www.chess.com"]

[Event "Titled Tuesday Blitz February 22 Early 2022"]
[White "Kobo, Ori"]
[Black "Carlsson, Ludvig"]
[WhiteFideId "2812320"]
[BlackFideId "1727010"]
[WhiteElo "2420"]
[BlackElo "2178"]
[Result "1/2-1/2"]
[Round "07"]
[TimeControl "180+1"]
[Date "2022.02.22"]
[WhiteClock "0:00:09"]
[BlackClock "0:00:21"]

1. Nc3 e5 2. Nf3 Nc6 3. d4 exd4 4. Nxd4 Nf6 5. Bg5 Bb4 6. Nxc6 bxc6 7. Qd4 Qe7 8. a3 Bxc3+ 9. Qxc3 O-O 10. Bxf6 Qxf6 11. Qxf6 gxf6 12. O-O-O d6 13. e3 Bf5 14. Bd3 Bg6 15. h4 Rfe8 16. h5 Be4 17. Rh4 f5 18. Rf4 Bxd3 19. cxd3 Re5 20. d4 Rd5 21. Rd2 Re8 22. Rc2 c5 23. dxc5 dxc5 24. Rd2 Red8 25. Rxd5 Rxd5 26. Ra4 f4 27. Rxf4 Rxh5 28. Kd2 Kf8 29. g3 Rh6 30. Rc4 Rf6 31. f4 Rb6 32. Kc2 Rg6 33. Rxc5 Rxg3 34. Kd3 Rg2 35. b4 Ra2 36. Ra5 h5 37. Rxh5 Rxa3+ 38. Kd4 Rb3 39. b5 Ra3 40. Rc5 a6 41. bxa6 Rxa6 42. Rxc7 Rd6+ 43. Ke4 Re6+ 44. Kf3 Ra6 45. Rc3 Ke7 46. e4 Ra4 47. Rc7+ Ke8 48. e5 f6 49. e6 f5 50. Rf7 Re4 51. Rxf5 Rxe6 52. Ra5 Kf7 53. f5 Rh6 54. Kf4 Rb6 55. Ra7+ Kf8 56. Kg5 Rc6 57. Ra8+ Kg7 58. Ra7+ Kf8 59. Rb7 Ra6 60. Rc7 Rb6 61. Rd7 Ra6 62. Rh7 Rb6 63. f6 Rb1 64. Rh8+ Kf7 65. Rh7+ Kg8 66. Rc7 Rg1+ 67. Kf5 Rf1+ 68. Kg6 Rg1+ 69. Kf5 Rf1+ 70. Ke6 Re1+ 71. Kd6 Kf8 72. f7 Re2 73. Kd5 Re1 74. Kd6 Re2 75. Kd5 Re1 76. Kd4 Rf1 77. Ke3 Rf6 78. Ke4 Rf2 79. Ke5 Rxf7 80. Rxf7+ Kxf7 1/2-1/2


[Site "https://www.chess.com"]

[Event "Titled Tuesday Blitz February 22 Early 2022"]
[White "Kostiukov, Alexandr"]
[Black "Ferreira, Vitor Hugo Vieira"]
[WhiteFideId "14108100"]
[BlackFideId "2119765"]
[WhiteElo "2202"]
[BlackElo "2216"]
[Result "1-0"]
[Round "07"]
[TimeControl "180+1"]
[Date "2022.02.22"]
[WhiteClock "0:02:26"]
[BlackClock "0:02:20"]

1. g3 Nf6 2. Bg2 d5 3. d3 c6 4. e4 dxe4 5. dxe4 Qxd1+ 6. Kxd1 e5 7. f3 Be6 8. Be3 Nbd7 9. Nd2 O-O-O 10. Bh3 Bxh3 11. Nxh3 h6 12. Ke2 a6 13. c3 Nc5 14. Nc4 Nfd7 15. a4 Be7 16. b4 Ne6 17. Nf2 Rhf8 18. Rhd1 f5 19. Nd6+ Bxd6 20. Rxd6 Rde8 21. exf5 Rxf5 22. Ne4 Ref8 23. Rxe6 Rxf3 24. Bf4 exf4 25. Kxf3 fxg3+ 26. Kxg3 Rf5 27. Nd6+ Kc7 28. Nxf5 1-0


[Site "https://www.chess.com"]

[Event "Titled Tuesday Blitz February 22 Early 2022"]
[White "Kovalenko, Igor"]
[Black "Maze, Sebastien"]
[WhiteFideId "14117908"]
[BlackFideId "613762"]
[WhiteElo "2560"]
[BlackElo "2462"]
[Result "1-0"]
[Round "07"]
[TimeControl "180+1"]
[Date "2022.02.22"]
[WhiteClock "0:01:10"]
[BlackClock "0:00:01"]

1. e4 c5 2. Nf3 Nc6 3. Bb5 g6 4. Bxc6 bxc6 5. c3 Bg7 6. O-O d6 7. h3 Nh6 8. d4 Qb6 9. Na3 cxd4 10. cxd4 O-O 11. Re1 f6 12. Nc4 Qa6 13. b3 Nf7 14. Bd2 e5 15. dxe5 fxe5 16. Bb4 Rd8 17. Qc2 Be6 18. Ne3 d5 19. Red1 d4 20. Nf1 Rac8 21. Bc5 Qb7 22. Ng3 a5 23. Rac1 a4 24. b4 a3 25. Rd3 Ra8 26. Rcd1 Qb5 27. Nd2 Bxa2 28. Ra1 Be6 29. Rdxa3 Rxa3 30. Rxa3 h5 31. Ra5 Qb8 32. Qd3 Bh6 33. Ngf1 Nd6 34. Nf3 Nb7 35. Ra6 Nxc5 36. bxc5 Qc7 37. Qa3 d3 38. Ra7 Qb8 39. Re7 Re8 40. Rxe8+ Qxe8 41. Qxd3 Bg7 42. Qd6 Qd7 43. Qb8+ Qc8 44. Qb6 Bf7 45. Ne3 Qe6 46. Ng5 Bf8 47. Nxe6 1-0


[Site "https://www.chess.com"]

[Event "Titled Tuesday Blitz February 22 Early 2022"]
[White "Kozak, Antoni"]
[Black "Garagulya, Konstantin"]
[WhiteFideId "21832030"]
[BlackFideId "4128931"]
[WhiteElo "2232"]
[BlackElo "2329"]
[Result "1-0"]
[Round "07"]
[TimeControl "180+1"]
[Date "2022.02.22"]
[WhiteClock "0:00:54"]
[BlackClock "0:00:33"]

1. d4 Nf6 2. Bf4 e6 3. e3 c5 4. c3 d5 5. Nd2 Bd6 6. Bg3 Nc6 7. Ngf3 O-O 8. Bd3 Qe7 9. Ne5 Nd7 10. Nxd7 Bxd7 11. Bxd6 Qxd6 12. dxc5 Qxc5 13. Bxh7+ Kxh7 14. Qh5+ Kg8 15. Ne4 Qc4 16. Ng5 Qd3 17. e4 Rfd8 18. Qxf7+ Kh8 19. Rd1 Qc2 20. O-O dxe4 21. Qh5+ Kg8 22. Qh7+ Kf8 23. Qh8+ Ke7 24. Qxg7+ Ke8 25. Qf7# 1-0


[Site "https://www.chess.com"]